 Dungeon Crawl Stone Soup version 0.30.1-11-g7821555f0a (webtiles) character file.

Game seed: 7347401493532100208

88 Scypho the Changer (level 4, -1/32 HPs)
             Began as a Merfolk Transmuter on Dec 25, 2023.
             Killed from afar by Natasha (6 damage)
             ... with a magic dart
             ... on level 2 of the Dungeon.
             The game lasted 00:05:56 (1482 turns).

Scypho the Changer (Merfolk Transmuter)             Turns: 1482, Time: 00:05:57

Health: -1/32      AC:  2    Str: 10    XL:     4   Next: 53%
Magic:  6/7        EV: 13    Int: 12    God:
Gold:   35         SH:  0    Dex: 16    Spells: 5/8 levels left

rFire   . .          .
                       - Unarmed
rCold   . . .        (no shield)
rNeg    . . .        a - +0 robe
rPois   .            (no helmet)
rElec   .            (no cloak)
rCorr   .            (no gloves)
SInv    .            (no boots)
Will    .....        (no amulet)
Stlth   +            (no ring)
HPRegen 0.25/turn    (no ring)
MPRegen 0.10/turn

%: no passive effects
@: very slightly contaminated
A: (nimble swimmer 2), mertail
a: no special abilities


You were on level 2 of the Dungeon.
You visited 1 branch of the dungeon, and saw 2 of its levels.

You collected 35 gold pieces.

Inventory:

Armour
 a - a +0 robe (worn)
Jewellery
 k - an amulet of guardian spirit
Scrolls
 c - a scroll of enchant armour {unknown}
 d - a scroll of teleportation {unknown}
 f - 3 scrolls of noise {unknown}
 g - a scroll of identify {unknown}
 j - a scroll of fear {unknown}
Potions
 b - a potion of lignification
 e - a potion of mutation {unknown}
 h - a potion of heal wounds {unknown}
 i - a potion of attraction {unknown}
 l - a potion of curing {unknown}


   Skills:
 + Level 1.6 Fighting
 + Level 3.2 Dodging
 * Level 3.9 Unarmed Combat
 + Level 2.6 Spellcasting
 + Level 4.3 Transmutations


You had 5 spell levels left.
You knew the following spells:

 Your Spells              Type           Power      Damage    Failure   Level
a - Beastly Appendage     Tmut           22%        N/A       4%          1
b - Wereblood             Tmut           11%        N/A       7%          2

Your spell library contained the following spells:

 Spells                   Type           Power      Damage    Failure   Level
 Passwall                 Tmut/Erth      5%         N/A       16%         2
 Spider Form              Tmut/Pois      6%         N/A       32%         3
 Ensorcelled Hibernation  Hex/Ice        2%         N/A       36%         2
 Swiftness                Air            1%         N/A       61%         3
 Ice Form                 Ice/Tmut       6%         N/A       71%         4


Dungeon Overview and Level Annotations

Branches:
Dungeon (2/15)

Altars:
Ashenzari

Annotations:
D:2 Natasha


Innate Abilities, Weirdness & Mutations

((You are very nimble when in or above water. (Stealth+, EV+, Speed+++)))
Your lower body shifts to a powerful aquatic tail in water.


Message History

You kill the quokka!
Found a spear.
Found a broken altar of Ashenzari.
f - 3 scrolls labelled KIFULIBR JIBYH (gained 1) Natasha, Servant of Life and Death comes into view.
You grow a pair of large bovine horns.
Natasha hisses angrily.
Natasha claws you!
You hit Natasha.
Natasha stares at you and mumbles some strange words.
The magic dart hits you!
You hit Natasha but do no damage. You headbutt Natasha!
Natasha stares at you and mumbles some strange words.
The magic dart hits you!
* * * LOW HITPOINT WARNING * * *
You barely miss Natasha. You headbutt Natasha. Natasha closely misses you.
You hit Natasha.
You kill Natasha!
Natasha screams in fury as she dies!
You start resting.
You start resting.
Your transformation is almost over.
Your horns disappear.
Natasha, Servant of Life and Death comes into view.
She is carrying a wand of quicksilver (8).
You are too injured to fight recklessly!
You miscast Beastly Appendage.
You are very lightly contaminated with residual magic.
Nothing appears to happen.
Natasha casts a spell at you. The magic dart hits you!
* * * LOW HITPOINT WARNING * * *
Natasha barely misses you.
You hit Natasha. Your punch misses Natasha.
Natasha stares at you and mumbles some strange words.
The magic dart hits you.
* * * LOW HITPOINT WARNING * * *
You hit Natasha.
Natasha stares at you and mumbles some strange words.
The magic dart hits you.
You die...

....##.........###....##.........
..#.##......_..###...............
...............#.##.##..##.####
.##.........#.#.....[......... #
#.....#####.#.##.##..##.####
.......#####.#.##............
......................##.....
...........†......##..##.####
............@................
...#..#####h#.##.##..##...## .
##.#.##.##..##.#...
#.......##..##.#...
...............#...
...................
##.#.#####..######. .........†..#
. .......<....# .


You could see Natasha.

Vanquished Creatures
  Natasha (D:2)
  2 adders (D:2)
  A worm (D:2)
  A dart slug (D:1)
  8 ball pythons
  4 endoplasms (D:1)
  2 giant cockroaches (D:1)
  3 goblins
  4 hobgoblins (D:1)
  3 jackals (D:1)
  2 kobolds
  2 quokkas
  3 frilled lizards (D:1)
  A rat (D:1)
37 creatures vanquished.

Notes
Turn   | Place    | Note
-------+----------+-------------------------------------------
     0 | D:1      | Scypho the Merfolk Transmuter began the quest for the Orb.
     0 | D:1      | Reached XP level 1. HP: 15/15 MP: 3/3
    70 | D:1      | Reached skill level 3 in Transmutations
   159 | D:1      | Reached XP level 2. HP: 13/21 MP: 3/5
   451 | D:1      | Reached skill level 4 in Transmutations
   514 | D:1      | Learned a level 2 spell: Wereblood
   561 | D:1      | Reached XP level 3. HP: 25/26 MP: 4/6
  1359 | D:2      | Reached XP level 4. HP: 32/32 MP: 5/7
  1427 | D:2      | Found a broken altar of Ashenzari.
  1440 | D:2      | Noticed Natasha
  1448 | D:2      | Killed Natasha
  1477 | D:2      | Noticed Natasha
  1482 | D:2      | Killed from afar by Natasha

Illustrated notes

Levels and vault maps discovered:
D:1:      psy_arrival_fountain, layout_loops_ring
D:2:      layout_basic, basic_altar, hangedman_decor_lopped, uniq_natasha

Skill      XL: |  1  2  3 |
---------------+----------+-----
Transmutations | 3 4 |  4.3
Dodging        | 3 |  3.2
Fighting       | |  1.6
Unarmed Combat | |  3.9
Spellcasting   | |  2.6

Action                     |  1- 3 |  4- 6 || total
---------------------------+-------+-------++-------
  Melee: Unarmed           |   116 |    10 ||   126
         Headbutt          |    16 |     2 ||    18
         Punch             |     1 |       ||     1
   Cast: Beastly Appendage |    24 |     1 ||    25
   Stab: Sleeping          |     1 |       ||     1
 Armour: Robe              |    12 |       ||    12
  Dodge: Dodged            |    64 |     5 ||    69
